| TOP OF THE 1ST |
|
Iowa Cubs batting - Pitching for El Paso Chihuahuas : RHP Jorge Guerrero
|
|
Pitching: RHP Jorge Guerrero
|
|
|
Batting: RHB Jason Ostrom
|
0-0: Ground out 5-3 (Groundball, 56, EV 111.2 MPH)
|
|
Batting: RHB Pat Barton
|
0-0: Called Strike 0-1: Ball 1-1: Ball 2-1: Swinging Strike 2-2: Foul Ball, location: 2F 2-2: SINGLE (Groundball, 56, EV 94.4 MPH)
|
|
Batting: SHB Art Kent
|
0-0: Ball 1-0: Foul Ball, location: 2F 1-1: Ball 2-1: Foul Ball, location: 2F 2-2: Fielders Choice at 2nd, 4-6 (Groundball, 4, EV 85.6 MPH)
|
|
Batting: RHB Adam O'Hare
|
0-0: Ball Art Kent is caught stealing 2nd base 2-4
|
| Top of the 1st over - 0 runs, 1 hit, 0 errors, 0 left on base; Iowa 0 - El Paso 0 |
| BOTTOM OF THE 1ST |
|
El Paso Chihuahuas batting - Pitching for Iowa Cubs : RHP Harry Poindexter
|
|
Pitching: RHP Harry Poindexter
|
|
|
Batting: RHB Itsuo Yoshioka
|
0-0: Swinging Strike 0-1: Ball 1-1: Ball 2-1: Ball 3-1: Base on Balls
|
|
Batting: LHB Chris Moody
|
0-0: Ball 1-0: Called Strike Itsuo Yoshioka steals 2nd base 1-1: Ball 2-1: Swinging Strike 2-2: Foul Ball, location: 2F 2-2: Ground out 6-3 (Groundball, 6, EV 90.6 MPH) Itsuo Yoshioka to third
|
|
Batting: SHB Adam Martin
|
0-0: Ball 1-0: Called Strike 1-1: Swinging Strike 1-2: Strikes out swinging
|
|
Batting: RHB Antonio Medina
|
0-0: Ground out 6-3 (Groundball, 6S, EV 84.4 MPH)
|
| Bottom of the 1st over - 0 runs, 0 hits, 0 errors, 1 left on base; Iowa 0 - El Paso 0 |
| TOP OF THE 2ND |
|
Iowa Cubs batting - Pitching for El Paso Chihuahuas : RHP Jorge Guerrero
|
|
Batting: RHB Adam O'Hare
|
0-0: Called Strike 0-1: Ball 1-1: Called Strike 1-2: Foul Ball, location: 2F 1-2: Fly out, F8 (Line Drive, 8LM, EV 94.4 MPH)
|
|
Batting: RHB Brian Gargis
|
0-0: Ball 1-0: Called Strike 1-1: Swinging Strike 1-2: Foul Ball, location: 2F 1-2: Foul Ball, location: 2F 1-2: Ball 2-2: Ball 3-2: Foul Ball, location: 2F 3-2: Ground out 3-1 (Groundball, 34, EV 83.1 MPH)
|
|
Batting: RHB Andy Wasierski
|
0-0: Ball 1-0: Called Strike 1-1: Ball 2-1: Foul Ball, location: 2F 2-2: Fly out, F7 (Flyball, 7S, EV 90.0 MPH)
|
| Top of the 2nd over - 0 runs, 0 hits, 0 errors, 0 left on base; Iowa 0 - El Paso 0 |
| BOTTOM OF THE 2ND |
|
El Paso Chihuahuas batting - Pitching for Iowa Cubs : RHP Harry Poindexter
|
|
Batting: SHB Troy Maynard
|
0-0: Called Strike 0-1: Called Strike 0-2: Ball 1-2: SINGLE (Groundball, 34D, EV 105.6 MPH)
|
|
Batting: RHB Juan Martinez
|
0-0: Fly out, F9 (Flyball, 89S, EV 89.4 MPH)
|
|
Batting: LHB Doug Barr
|
0-0: Called Strike 0-1: Ball 1-1: Ball 2-1: Foul Ball, location: 2F 2-2: Foul Ball, location: 2F 2-2: Strikes out swinging
|
|
Batting: RHB Dan Grable
|
0-0: Ball 1-0: Called Strike 1-1: Ground out 4-3 (Groundball, 4, EV 108.1 MPH)
|
| Bottom of the 2nd over - 0 runs, 1 hit, 0 errors, 1 left on base; Iowa 0 - El Paso 0 |
| TOP OF THE 3RD |
|
Iowa Cubs batting - Pitching for El Paso Chihuahuas : RHP Jorge Guerrero
|
|
Batting: RHB Tony Mendez
|
0-0: Fly out, F8 (Line Drive, 8LD, EV 105.6 MPH)
|
|
Batting: RHB Adam Kelliher
|
0-0: Called Strike 0-1: Ball 1-1: Foul Ball, location: 2F 1-2: Ball 2-2: Foul Ball, location: 2F 2-2: Strikes out swinging
|
|
Batting: SHB Nick Chandler
|
0-0: Ball 1-0: Called Strike 1-1: Ground out 4-3 (Groundball, 4S, EV 70.6 MPH)
|
| Top of the 3rd over - 0 runs, 0 hits, 0 errors, 0 left on base; Iowa 0 - El Paso 0 |
| BOTTOM OF THE 3RD |
|
El Paso Chihuahuas batting - Pitching for Iowa Cubs : RHP Harry Poindexter
|
|
Batting: LHB Josh Slusarczyk
|
0-0: Ball 1-0: Ball 2-0: Ball 3-0: Called Strike 3-1: Foul Ball, location: 2F 3-2: Strikes out swinging
|
|
Batting: RHB Itsuo Yoshioka
|
0-0: Foul Ball, location: 2F 0-1: Ball 1-1: Swinging Strike 1-2: Ball 2-2: Ball 3-2: Base on Balls
|
|
Batting: LHB Chris Moody
|
0-0: Called Strike 0-1: Called Strike 0-2: Strikes out looking
|
|
Batting: SHB Adam Martin
|
0-0: Foul Ball, location: 2F 0-1: Swinging Strike 0-2: Ball 1-2: Foul Ball, location: 2F 1-2: Strikes out swinging
|
| Bottom of the 3rd over - 0 runs, 0 hits, 0 errors, 1 left on base; Iowa 0 - El Paso 0 |
| TOP OF THE 4TH |
|
Iowa Cubs batting - Pitching for El Paso Chihuahuas : RHP Jorge Guerrero
|
|
Batting: RHB Jason Ostrom
|
0-0: Swinging Strike 0-1: Called Strike 0-2: Strikes out looking
|
|
Batting: RHB Pat Barton
|
0-0: Foul Ball, location: 2F 0-1: Foul Ball, location: 2F 0-2: Ball 1-2: Ball 2-2: Ball 3-2: Ground out 6-3 (Groundball, 6M, EV 95.0 MPH)
|
|
Batting: SHB Art Kent
|
0-0: Ball 1-0: Ball 2-0: Foul Ball, location: 2F 2-1: Foul Ball, location: 2F 2-2: Strikes out looking
|
| Top of the 4th over - 0 runs, 0 hits, 0 errors, 0 left on base; Iowa 0 - El Paso 0 |
| BOTTOM OF THE 4TH |
|
El Paso Chihuahuas batting - Pitching for Iowa Cubs : RHP Harry Poindexter
|
|
Batting: RHB Antonio Medina
|
0-0: Foul Ball, location: 2F 0-1: Ground out 5-3 (Groundball, 5, EV 103.8 MPH)
|
|
Batting: SHB Troy Maynard
|
0-0: Ball 1-0: Called Strike 1-1: Ground out 4-3 (Groundball, 34, EV 84.4 MPH)
|
|
Batting: RHB Juan Martinez
|
0-0: Called Strike 0-1: Called Strike 0-2: Ball 1-2: Ball 2-2: Foul Ball, location: 2F 2-2: Foul Ball, location: 2F 2-2: Foul Ball, location: 2F 2-2: Ball 3-2: Ground out 6-3 (Groundball, 6, EV 103.1 MPH)
|
| Bottom of the 4th over - 0 runs, 0 hits, 0 errors, 0 left on base; Iowa 0 - El Paso 0 |
| TOP OF THE 5TH |
|
Iowa Cubs batting - Pitching for El Paso Chihuahuas : RHP Jorge Guerrero
|
|
Batting: RHB Adam O'Hare
|
0-0: Ball 1-0: Ball 2-0: Ball 3-0: Called Strike 3-1: Base on Balls
|
|
Batting: RHB Brian Gargis
|
0-0: Called Strike 0-1: Ball 1-1: Foul Ball, location: 2F 1-2: Ball 2-2: Ball 3-2: Strikes out swinging Adam O'Hare steals 2nd base Batter strikes out.
|
|
Batting: RHB Andy Wasierski
|
0-0: Called Strike 0-1: Ball 1-1: Fly out, F7 (Flyball, 78D, EV 78.8 MPH)
|
|
Batting: RHB Tony Mendez
|
0-0: Called Strike 0-1: Ball 1-1: Ball 2-1: Foul Ball, location: 2F 2-2: Foul Ball, location: 2F 2-2: Foul Ball, location: 2F 2-2: SINGLE (Groundball, 6MD, EV 98.8 MPH) Adam O'Hare to third
|
|
Batting: RHB Adam Kelliher
|
0-0: Called Strike 0-1: Called Strike 0-2: Reached on error, E5 (Groundball, 15, EV 83.1 MPH) Adam O'Hare scores Tony Mendez to second
|
|
Batting: SHB Nick Chandler
|
0-0: Called Strike 0-1: Ball 1-1: Swinging Strike 1-2: Foul Ball, location: 2F 1-2: Ball 2-2: Ball 3-2: Fly out, F5 (Popup, 15, EV 76.2 MPH)
|
| Top of the 5th over - 1 run, 1 hit, 1 error, 2 left on base; Iowa 1 - El Paso 0 |
| BOTTOM OF THE 5TH |
|
El Paso Chihuahuas batting - Pitching for Iowa Cubs : RHP Harry Poindexter
|
|
Batting: LHB Doug Barr
|
0-0: Ball 1-0: Ball 2-0: Ball 3-0: Called Strike 3-1: Called Strike 3-2: Base on Balls
|
|
Batting: RHB Dan Grable
|
0-0: Grounds into double play, 6-4-3 (Groundball, 6, EV 101.9 MPH)
|
|
Batting: LHB Josh Slusarczyk
|
0-0: Ball 1-0: Ground out 4-3 (Groundball, 4M, EV 85.0 MPH)
|
| Bottom of the 5th over - 0 runs, 0 hits, 0 errors, 0 left on base; Iowa 1 - El Paso 0 |
| TOP OF THE 6TH |
|
Iowa Cubs batting - Pitching for El Paso Chihuahuas : RHP Jorge Guerrero
|
|
Batting: RHB Jason Ostrom
|
0-0: Ball 1-0: Foul Ball, location: 2F 1-1: Ball 2-1: Fly out, F6 (Line Drive, 6D, EV 61.2 MPH)
|
|
Batting: RHB Pat Barton
|
0-0: DOUBLE (Line Drive, 9LM, EV 102.5 MPH)
|
|
Batting: SHB Art Kent
|
0-0: Ground out 4-3 (Groundball, 4, EV 88.8 MPH) Pat Barton to third
|
|
Batting: RHB Adam O'Hare
|
0-0: DOUBLE (Line Drive, 89D, EV 105.6 MPH) Pat Barton scores
|
|
Batting: RHB Brian Gargis
|
0-0: Foul Ball, location: 2F 0-1: Called Strike 0-2: Strikes out swinging
|
| Top of the 6th over - 1 run, 2 hits, 0 errors, 1 left on base; Iowa 2 - El Paso 0 |
| BOTTOM OF THE 6TH |
|
El Paso Chihuahuas batting - Pitching for Iowa Cubs : RHP Harry Poindexter
|
|
Pitching: RHP Bryant Bradley
|
|
|
Batting: RHB Itsuo Yoshioka
|
0-0: Ball 1-0: Called Strike 1-1: Called Strike 1-2: Ball 2-2: Ball 3-2: Base on Balls
|
|
Batting: LHB Chris Moody
|
0-0: Ball 1-0: Ball 2-0: Ball 3-0: Base on Balls Itsuo Yoshioka to second
|
|
Batting: SHB Adam Martin
|
0-0: Ball 1-0: Ball 2-0: Called Strike 2-1: SINGLE (Line Drive, 78S, EV 106.2 MPH) Itsuo Yoshioka to third Chris Moody to second
|
|
Batting: RHB Antonio Medina
|
0-0: Foul Ball, location: 2F 0-1: Called Strike 0-2: Ball 1-2: Ball 2-2: Ball 3-2: Base on Balls Itsuo Yoshioka scores Chris Moody to third Adam Martin to second
|
|
Batting: SHB Troy Maynard
|
0-0: Ball 1-0: Ball 2-0: Ball 3-0: Base on Balls Chris Moody scores Adam Martin to third Antonio Medina to second
|
|
Batting: RHB Juan Martinez
|
0-0: Called Strike 0-1: Called Strike 0-2: Grounds into fielders choice 5-2 (Groundball, 56S, EV 88.1 MPH) Antonio Medina to third Troy Maynard to second
|
|
Batting: LHB Doug Barr
|
0-0: Ball 1-0: SINGLE (Groundball, 56D, EV 105.6 MPH) Antonio Medina scores Troy Maynard to third Juan Martinez to second
|
|
Pitching: RHP Randy Budgell
|
|
|
Batting: RHB Dan Grable
|
0-0: Ball 1-0: Foul Ball, location: 2F 1-1: Ball 2-1: Ball 3-1: Fly out, F9 (Flyball, 9D, EV 96.9 MPH) Runner from 3rd tags up, SCORES, throw by RF Juan Martinez to third
|
|
Batting: LHB Josh Slusarczyk
|
0-0: Called Strike 0-1: Ball 1-1: Ball 2-1: Fly out, F9 (Line Drive, 9LS, EV 85.6 MPH)
|
| Bottom of the 6th over - 4 runs, 2 hits, 0 errors, 2 left on base; Iowa 2 - El Paso 4 |
| TOP OF THE 7TH |
|
Iowa Cubs batting - Pitching for El Paso Chihuahuas : RHP Jorge Guerrero
|
|
Batting: RHB Andy Wasierski
|
0-0: Fly out, F9 (Flyball, 9, EV 74.4 MPH)
|
|
Pitching: RHP Jadon Martin
|
|
|
Batting: RHB Tony Mendez
|
0-0: Ball 1-0: Called Strike 1-1: Foul Ball, location: 2F 1-2: Ball 2-2: Ball 3-2: Fly out, F7 (Flyball, 7, EV 93.1 MPH)
|
|
Batting: RHB Adam Kelliher
|
0-0: Ball 1-0: Ball 2-0: Ground out U3 (Groundball, 3, EV 88.8 MPH)
|
| Top of the 7th over - 0 runs, 0 hits, 0 errors, 0 left on base; Iowa 2 - El Paso 4 |
| BOTTOM OF THE 7TH |
|
El Paso Chihuahuas batting - Pitching for Iowa Cubs : RHP Randy Budgell
|
|
Batting: RHB Itsuo Yoshioka
|
0-0: Ball 1-0: Called Strike 1-1: Foul Ball, location: 2F 1-2: Ball 2-2: Ball 3-2: Fly out, F9 (Flyball, 89S, EV 93.8 MPH)
|
|
Batting: LHB Chris Moody
|
0-0: Swinging Strike 0-1: Fly out, F8 (Flyball, 8RD, EV 98.1 MPH)
|
|
Batting: SHB Adam Martin
|
0-0: Foul Ball, location: 2F 0-1: Ball 1-1: Swinging Strike 1-2: Ball 2-2: Ball 3-2: Base on Balls
|
|
Batting: RHB Antonio Medina
|
0-0: Ball Adam Martin steals 2nd base 1-0: Foul Ball, location: 2F 1-1: Swinging Strike 1-2: Strikes out looking
|
| Bottom of the 7th over - 0 runs, 0 hits, 0 errors, 1 left on base; Iowa 2 - El Paso 4 |
| TOP OF THE 8TH |
|
Iowa Cubs batting - Pitching for El Paso Chihuahuas : RHP Jadon Martin
|
|
Batting: SHB Nick Chandler
|
0-0: Ball 1-0: Ball 2-0: Called Strike 2-1: Foul Ball, location: 2F 2-2: Strikes out looking
|
|
Batting: RHB Jason Ostrom
|
0-0: Fly out, F8 (Flyball, 8LXD, EV 90.6 MPH)
|
|
Batting: RHB Pat Barton
|
0-0: Ball 1-0: Ball 2-0: Ball 3-0: Base on Balls
|
|
Batting: SHB Art Kent
|
0-0: Ball 1-0: Foul Ball, location: 2F 1-1: Ball 2-1: Swinging Strike 2-2: Strikes out swinging
|
| Top of the 8th over - 0 runs, 0 hits, 0 errors, 1 left on base; Iowa 2 - El Paso 4 |
| BOTTOM OF THE 8TH |
|
El Paso Chihuahuas batting - Pitching for Iowa Cubs : RHP Randy Budgell
|
|
Pitching: RHP Michele Montella
|
|
|
Batting: SHB Troy Maynard
|
0-0: Fly out, F8 (Flyball, 8LM, EV 88.8 MPH)
|
|
Batting: RHB Juan Martinez
|
0-0: Ball 1-0: Foul Ball, location: 2F 1-1: Ball 2-1: Foul Ball, location: 2F 2-2: SOLO HOME RUN (Flyball, 7D, EV 96.2 MPH), Distance : 388 ft
|
|
Batting: LHB Doug Barr
|
0-0: Called Strike 0-1: Swinging Strike 0-2: Ball 1-2: Strikes out looking
|
|
Batting: RHB Dan Grable
|
0-0: Foul Ball, location: 2F 0-1: Fly out, F7 (Flyball, 78M, EV 89.4 MPH)
|
| Bottom of the 8th over - 1 run, 1 hit, 0 errors, 0 left on base; Iowa 2 - El Paso 5 |
| TOP OF THE 9TH |
|
Iowa Cubs batting - Pitching for El Paso Chihuahuas : RHP Jadon Martin
|
|
Pitching: LHP Dan Clausing
|
|
|
Batting: RHB Adam O'Hare
|
0-0: Ball 1-0: Ball 2-0: Ball 3-0: Base on Balls
|
|
Batting: RHB Brian Gargis
|
0-0: Ball 1-0: Foul Ball, location: 2F 1-1: Ball 2-1: Foul Ball, location: 2F 2-2: Foul Ball, location: 2F 2-2: Foul Ball, location: 2F 2-2: Ball 3-2: Strikes out swinging Adam O'Hare is caught stealing 2nd base 2-4 Batter strikes out.
|
|
Batting: RHB Andy Wasierski
|
0-0: SINGLE (Line Drive, 8LS, EV 107.5 MPH)
|
|
Batting: RHB Tony Mendez
|
0-0: Called Strike 0-1: Swinging Strike 0-2: Strikes out swinging
|
| Top of the 9th over - 0 runs, 1 hit, 0 errors, 1 left on base; Iowa 2 - El Paso 5 |
|